Map: [ESL] Babylon

Players

BattleB

  • Race: Terran Terran
  • Spawn Location: 5:00

ShoWTimE - Winner!

  • Race: Protoss Protoss
  • Spawn Location: 11:00

Event: ESL SC2 Masters 2023 Summer (Regionals)

VOD

Have the link to the VOD?

Description

Time

  • Played on: May 10, 2023, 11:03 a.m.
  • Length: 8:34

All games in this series

Show
View Real Time Build Order
Export as new Build Order

BattleB Terran 

Build Orders:  

Get SALT Encoding   

  12  0:00  SCV  
  13  0:12  SCV  
  14  0:17  Supply Depot  
  14  0:24  SCV  
  15  0:38  SCV  
  15  0:40  Barracks  
  16  0:43  Refinery  
  16  0:50  SCV  
  17  1:03  SCV  
  18  1:15  SCV  
  19  1:29  Orbital Command, Marine  
  20  1:41  Command Center  
  20  1:51  Factory  
  20  1:56  SCV  
  21  2:02  Barracks Reactor  
  21  2:05  Supply Depot  
  21  2:08  SCV  
  21  2:13  Refinery  
  22  2:21  SCV  
  23  2:33  SCV  
  23  2:36  Hellion  
  26  2:38  Starport  
  26  2:39  Marine x2  
  28  2:45  SCV  
  29  2:56  Orbital Command  
  29  3:00  Marine x2  
  29  3:02  Factory Tech Lab  
  29  3:03  SCV  
  31  3:15  SCV  
  31  3:18  Marine x2, Medivac  
  36  3:24  SCV  
  36  3:27  SCV  
  36  3:33  Supply Depot  
  35  3:36  SCV  
  35  3:37  Cyclone  
  35  3:39  SCV  
  40  3:42  Marine x2  
  42  3:50  Barracks  
  42  3:52  SCV x2  
  44  3:59  Marine x2  
  44  4:04  Barracks  
  44  4:06  SCV x2  
  46  4:16  Engineering Bay  
  46  4:18  SCV x2, Factory Tech Lab  
  46  4:19  Raven  
  46  4:21  Marine  
  46  4:22  Marine  
  52  4:26  Supply Depot  
  52  4:30  SCV  
  53  4:31  SCV  
  53  4:34  Supply Depot  
  54  4:46  Terran Infantry Weapons Level 1  
  54  4:47  Marine x3  
  54  4:48  SCV x2  
  54  4:49  Stimpack  
  59  4:52  Factory Reactor  
  59  4:59  Marine  
  60  5:00  Refinery  
  60  5:01  SCV, Starport Reactor, Refinery  
  60  5:02  Supply Depot  
  60  5:04  SCV  
  60  5:06  Combat Shield  
  62  5:07  Marine  
  62  5:09  Marine  
  62  5:13  SCV  
  65  5:15  Marauder  
  65  5:16  SCV  
  65  5:18  Marauder  
  70  5:24  Supply Depot  
  70  5:25  SCV, Supply Depot  
  71  5:28  Marine x2  
  71  5:32  SCV  
  71  5:35  Widow Mine x2  
  78  5:39  Supply Depot  
  78  5:45  SCV x2, Medivac  
  78  5:46  Medivac  
  84  5:50  Marauder  
  84  5:52  Marauder  
  84  5:54  Marine  
  89  5:58  Marine  
  89  5:59  Supply Depot  
  89  6:00  Widow Mine  
  89  6:02  Widow Mine  
  94  6:06  SCV x2  
  96  6:12  Supply Depot  
  96  6:13  Marauder  
  96  6:15  Marine, Marauder  
  101  6:21  Marine, Medivac x2  
  101  6:25  Widow Mine x2  
  110  6:34  Supply Depot  
  110  6:36  Supply Depot  
  110  6:38  Marine, Marauder  
  113  6:47  Marine, Marauder  
  113  6:53  Widow Mine, Medivac  
  113  6:54  Widow Mine  
  117  6:55  Marine  
  117  7:00  Marauder  
  108  7:08  Marine  
  108  7:09  Marauder, SCV  
  108  7:10  SCV  
  99  7:16  Marine  
  99  7:17  Widow Mine x2  
  99  7:20  Marine  
  101  7:26  Marine  
  101  7:29  Command Center  
  102  7:33  Barracks, Marauder  
  102  7:35  Barracks  
  102  7:36  Marine  
  105  7:37  SCV x2  
  105  7:41  Marauder  
  105  7:42  Widow Mine  
  109  7:46  Widow Mine  
  109  7:48  Marine  
  109  7:49  SCV  
  97  7:52  SCV  
  97  7:55  Marine  
  97  7:56  Marauder  
  95  7:59  Viking  
  95  8:04  Marine  
  95  8:06  SCV x2  
  95  8:11  Widow Mine  
  95  8:12  Widow Mine  
  101  8:15  Marine x2  
  96  8:20  SCV x2  
  96  8:24  Barracks Reactor, Barracks Tech Lab  
Show
View Real Time Build Order
Export as new Build Order

ShoWTimE Protoss - Winner!

Build Orders: 1 Gate Expand, Oracle Opening 

Get SALT Encoding   

  12  0:00  Probe  
  13  0:12  Probe  
  14  0:17  Pylon  
  14  0:24  Probe (Chrono Boost)  
  15  0:36  Probe (Chrono Boost)  
  15  0:37  Gateway  
  16  0:45  Probe (Chrono Boost)  
  16  0:46  Assimilator  
  17  0:51  Probe  
  18  1:03  Probe  
  19  1:22  Probe  
  20  1:26  Cybernetics Core  
  20  1:34  Nexus  
  20  1:37  Probe  
  21  1:44  Pylon  
  21  1:49  Probe  
  21  1:52  Assimilator  
  22  2:00  Adept (Chrono Boost)  
  22  2:01  Probe  
  25  2:13  Probe  
  26  2:20  Stargate  
  26  2:21  Adept (Chrono Boost)  
  26  2:25  Probe  
  29  2:33  Warp Gate  
  29  2:39  Probe (Chrono Boost)  
  30  2:45  Adept  
  30  2:47  Probe (Chrono Boost)  
  34  2:55  Probe (Chrono Boost)  
  34  2:56  Probe (Chrono Boost)  
  35  3:01  Probe (Chrono Boost)  
  35  3:02  Probe  
  35  3:03  Oracle (Chrono Boost)  
  40  3:13  Probe  
  40  3:14  Probe  
  40  3:16  Adept  
  44  3:25  Probe  
  44  3:26  Probe  
  44  3:35  Pylon  
  44  3:37  Probe  
  44  3:38  Probe  
  44  3:40  Gateway  
  46  3:43  Gateway  
  46  3:45  Assimilator  
  46  3:47  Assimilator  
  46  3:53  Probe x2  
  50  4:02  Pylon  
  50  4:05  Probe x2  
  50  4:17  Probe x2, Nexus  
  50  4:18  Pylon  
  50  4:21  Robotics Facility  
  52  4:29  Probe x2  
  54  4:32  Twilight Council  
  54  4:36  Sentry x2  
  58  4:41  Probe x2  
  60  4:47  Gateway  
  60  4:51  Pylon, Gateway  
  60  4:53  Probe x2  
  60  4:57  Phoenix  
  64  5:05  Probe x2  
  64  5:06  Shield Battery  
  64  5:07  Charge (Chrono Boost)  
  66  5:09  Observer (Chrono Boost)  
  66  5:13  Robotics Bay  
  67  5:17  Probe x2  
  67  5:20  Sentry  
  71  5:23  Immortal (Chrono Boost)  
  75  5:29  Probe  
  75  5:30  Probe  
  75  5:31  Probe  
  78  5:40  Pylon  
  78  5:41  Phoenix  
  78  5:42  Probe  
  81  5:44  Probe, Pylon  
  81  5:45  Probe  
  83  5:54  Probe  
  83  5:56  Probe  
  85  5:57  Zealot x4  
  85  6:00  Disruptor (Chrono Boost), Zealot  
  98  6:10  Pylon x2  
  97  6:14  Phoenix  
  99  6:22  Zealot x4  
  107  6:28  Pylon  
  107  6:29  Disruptor (Chrono Boost), Zealot  
  112  6:39  Phoenix  
  114  6:40  Pylon  
  114  6:52  Zealot x3  
  114  6:53  Zealot x2  
  120  6:55  Disruptor (Chrono Boost)  
  120  7:00  Pylon  
  123  7:02  Pylon  
  123  7:04  Phoenix  
  120  7:13  Colossus  
  110  7:17  Zealot x5  
  116  7:25  Probe x3  
  116  7:29  Phoenix (Chrono Boost)  
  127  7:30  Forge  
  127  7:34  Forge  
  127  7:37  Probe  
  127  7:39  Zealot x3  
  127  7:40  Pylon  
  134  7:48  Probe  
  133  8:01  Zealot x3  
  133  8:02  Zealot x2  
  143  8:07  Nexus  
Tags
 
Add a new tag
Caveats
  • Supply blocks, unpowered buildings, or Contaminate may cause inaccurate times.
  • Supply counts are checked every 10 seconds.